General information
- name: BNet
- type: Ladder team game (AT/RT)
- host: Battle.net
- saver: Gobiner
map: RiverOfSouls
- players: 6
- length: 138:06
- speed: Fast
- version: 1.21 W3XP
- replay type: Public
» download(704 KB)
Players
team 1 (loser)
CIBC300 (
green | 68 APM | 9048 actions | 133:13)
3 Tauren Chieftain
1 War Stomp
2 Endurance Aura
3 Shadow Hunter
1 Healing Wave
2 Hex
» actions
| Assign group hotkey | 116 | |
| Basic commands | 226 | |
| Build / train | 107 | |
| Enter build submenu | 41 | |
| Enter hero's abilities submenu | 6 | |
| Right click | 3962 | |
| Select / deselect | 1383 | |
| Select group hotkey | 2898 | |
| Use ability | 309 | |
9048 total
» units
| Peon | 13 | |
| Grunt | 4 | |
| Troll Witch Doctor | 18 | |
| Troll Batrider | 16 | |
| Demolisher | 4 | |
| Shaman | 10 | |
| Raider | 8 | |
73 total
» upgrades
| Berserker Strength | 1 | |
| Witch Doctor Training | 2 | |
| Liquid Fire | 1 | |
| Burning Oil | 1 | |
| Reinforced Defenses | 1 | |
| Shaman Training | 2 | |
| Ensnare | 1 | |
| Spiked Barricades | 1 | |
10 total
» buildings
| Altar of Storms | 1 | |
| Orc Burrow | 9 | |
| Barracks | 1 | |
| Stronghold | 1 | |
| Voodoo Lounge | 2 | |
| War Mill | 1 | |
| Spirit Lodge | 1 | |
| Fortress | 1 | |
| Watch Tower | 15 | |
| Beastiary | 2 | |
| Tauren Totem | 1 | |
35 total
» build order
00:16 Altar of Storms
00:21 Orc Burrow
00:37 Barracks
01:41 Orc Burrow
02:54 Stronghold
03:36 Voodoo Lounge
04:17 Voodoo Lounge
04:38 Orc Burrow
05:50 War Mill
06:00 Spirit Lodge
06:39 Fortress
07:59 Watch Tower
09:26 Beastiary
10:03 Beastiary
10:27 Orc Burrow
11:21 Tauren Totem
11:56 Orc Burrow
12:04 Orc Burrow
12:14 Orc Burrow
21:25 Watch Tower
21:49 Watch Tower
22:31 Orc Burrow
22:34 Orc Burrow
23:12 Watch Tower
24:24 Watch Tower
25:32 Watch Tower
26:53 Watch Tower
28:01 Watch Tower
29:43 Watch Tower
30:03 Watch Tower
31:09 Watch Tower
32:44 Watch Tower
33:57 Watch Tower
35:15 Watch Tower
38:59 Watch Tower
» items
| Healing Salve | 2 | |
| Lesser Clarity Potion | 2 | |
| Scroll of Speed | 2 | |
| Potion of Lesser Invulnerability | 1 | |
| Tiny Great Hall | 1 | |
| Scroll of Town Portal | 1 | |
| Orb of Lightning | 1 | |
10 total
JBBC300 (
pink | 52 APM | 7124 actions | 138:04)
2 Demon Hunter
1 Mana Burn
1 Evasion
2 Priestess of the Moon
1 Scout
1 Searing Arrows
1 Tauren Chieftain
1 War Stomp
» actions
| Assign group hotkey | 76 | |
| Basic commands | 143 | |
| Build / train | 95 | |
| ESC pressed | 11 | |
| Enter build submenu | 44 | |
| Enter hero's abilities submenu | 6 | |
| Give item / drop item | 2 | |
| Right click | 4536 | |
| Select / deselect | 1337 | |
| Select group hotkey | 582 | |
| Use ability | 292 | |
7124 total
» units
| Wisp | 51 | |
| Huntress | 4 | |
| Hippogryph | 13 | |
| Chimaera | 2 | |
70 total
» upgrades
| Reinforced Hides | 3 | |
| Corrosive Breath | 1 | |
| Strength of the Wild | 2 | |
| Nature's Blessing | 1 | |
7 total
» buildings
| Altar of Elders | 1 | |
| Moon Well | 6 | |
| Ancient of War | 15 | |
| Hunter's Hall | 1 | |
| Tree of Ages | 5 | |
| Tree of Eternity | 2 | |
| Ancient of Wind | 2 | |
| Chimaera Roost | 3 | |
| Ancient of Wonders | 1 | |
| Ancient Protector | 14 | |
50 total
» build order
00:10 Altar of Elders
00:19 Moon Well
01:50 Ancient of War
01:54 Hunter's Hall
02:01 Moon Well
03:42 Moon Well
04:44 Tree of Ages
04:44 Tree of Ages
04:44 Tree of Ages
04:44 Tree of Ages
04:55 Moon Well
07:05 Tree of Eternity
07:05 Tree of Eternity
07:19 Ancient of Wind
09:35 Chimaera Roost
09:38 Chimaera Roost
09:43 Chimaera Roost
09:47 Moon Well
09:48 Moon Well
10:51 Ancient of Wind
11:41 Ancient of Wonders
12:58 Ancient Protector
13:12 Ancient Protector
19:08 Ancient Protector
19:10 Ancient Protector
23:11 Ancient Protector
24:08 Ancient Protector
24:12 Ancient Protector
24:15 Ancient Protector
24:21 Ancient Protector
24:44 Ancient Protector
25:19 Ancient Protector
25:48 Ancient of War
25:48 Ancient of War
26:14 Ancient Protector
26:16 Ancient Protector
26:18 Ancient Protector
27:05 Ancient of War
27:06 Ancient of War
27:20 Ancient of War
27:21 Ancient of War
27:22 Ancient of War
27:25 Ancient of War
27:26 Ancient of War
27:27 Ancient of War
27:29 Ancient of War
27:51 Ancient of War
27:52 Ancient of War
29:22 Ancient of War
» items
| Staff of Preservation | 1 | |
| Orb of Venom | 1 | |
| Potion of Healing | 1 | |
3 total
myzippo (
purple | 83 APM | 9430 actions | 113:55)
4 Death Knight
2 Death Coil
2 Unholy Aura
3 Lich
2 Frost Nova
1 Frost Armor
» actions
| Assign group hotkey | 121 | |
| Basic commands | 376 | |
| Build / train | 102 | |
| Enter build submenu | 28 | |
| Enter hero's abilities submenu | 7 | |
| Give item / drop item | 4 | |
| Remove unit from queue | 1 | |
| Right click | 4573 | |
| Select / deselect | 1788 | |
| Select group hotkey | 2069 | |
| Use ability | 360 | |
9430 total
» units
| Acolyte | 19 | |
| Ghoul | 5 | |
| Crypt Fiend | 7 | |
| Frost Wyrm | 13 | |
| Obsidian Statue | 6 | |
50 total
» upgrades
| Burrow | 1 | |
| Creature Carapace | 3 | |
| Web | 1 | |
| Creature Attack | 3 | |
| Freezing Breath | 1 | |
| Destroyer Form | 1 | |
10 total
» buildings
| Ziggurat | 14 | |
| Crypt | 1 | |
| Altar of Darkness | 1 | |
| Graveyard | 1 | |
| Tomb of Relics | 1 | |
| Nerubian Tower | 3 | |
| Halls of the Dead | 3 | |
| Black Citadel | 1 | |
| Sacrificial Pit | 1 | |
| Boneyard | 1 | |
| Spirit Tower | 4 | |
| Slaughterhouse | 1 | |
32 total
» build order
00:08 Ziggurat
00:17 Crypt
00:36 Altar of Darkness
01:04 Graveyard
01:36 Tomb of Relics
01:45 Ziggurat
02:20 Nerubian Tower
03:53 Ziggurat
04:19 Halls of the Dead
04:19 Halls of the Dead
05:24 Ziggurat
06:58 Black Citadel
07:02 Sacrificial Pit
09:26 Boneyard
11:00 Ziggurat
14:34 Ziggurat
15:45 Ziggurat
17:54 Ziggurat
18:00 Ziggurat
18:04 Ziggurat
18:06 Ziggurat
20:18 Spirit Tower
21:03 Spirit Tower
21:32 Nerubian Tower
22:02 Spirit Tower
22:06 Spirit Tower
22:11 Nerubian Tower
22:23 Slaughterhouse
23:27 Ziggurat
26:50 Ziggurat
30:12 Ziggurat
» items
| Rod of Necromancy | 1 | |
| Dust of Appearance | 6 | |
| Potion of Lesser Invulnerability | 5 | |
| Scroll of Protection | 1 | |
| Sacrificial Skull | 1 | |
| Potion of Healing | 2 | |
| Orb of Corruption | 1 | |
| Boots of Speed | 2 | |
| Orb of Venom | 1 | |
| Staff of Preservation | 1 | |
21 total
team 2 (winner)
Blahsmack (
blue | 40 APM | 5471 actions | 138:04)
7 Blademaster
3 Wind Walk
3 Critical Strike
1 Bladestorm
» actions
| Basic commands | 154 | |
| Build / train | 104 | |
| ESC pressed | 1 | |
| Enter build submenu | 28 | |
| Enter hero's abilities submenu | 7 | |
| Give item / drop item | 2 | |
| Remove unit from queue | 2 | |
| Right click | 4279 | |
| Select / deselect | 587 | |
| Use ability | 307 | |
5471 total
» units
| Peon | 15 | |
| Troll Batrider | 40 | |
| Demolisher | 2 | |
57 total
» upgrades
| Spiked Barricades | 3 | |
| Ranged Weapons | 3 | |
| Armor | 3 | |
| Liquid Fire | 1 | |
| Reinforced Defenses | 1 | |
| Troll Regeneration | 1 | |
| Burning Oil | 1 | |
13 total
» buildings
| Orc Burrow | 4 | |
| Altar of Storms | 1 | |
| War Mill | 2 | |
| Watch Tower | 18 | |
| Voodoo Lounge | 1 | |
| Stronghold | 1 | |
| Beastiary | 2 | |
| Fortress | 1 | |
| Barracks | 1 | |
31 total
» build order
00:13 Orc Burrow
00:19 Altar of Storms
00:40 War Mill
02:00 Watch Tower
02:13 Orc Burrow
02:21 Watch Tower
03:07 Watch Tower
03:39 Watch Tower
03:43 Watch Tower
04:18 Watch Tower
04:29 Voodoo Lounge
05:29 Watch Tower
05:38 Watch Tower
05:46 Watch Tower
06:25 Watch Tower
06:31 Watch Tower
06:35 Watch Tower
06:59 Stronghold
07:44 Watch Tower
07:48 Watch Tower
07:53 Watch Tower
09:20 Watch Tower
09:21 Watch Tower
09:22 Watch Tower
09:43 Beastiary
09:44 Beastiary
09:54 Fortress
11:53 War Mill
12:11 Orc Burrow
12:15 Orc Burrow
19:31 Barracks
» items
| Boots of Speed | 1 | |
| Scroll of Healing | 3 | |
| Healing Salve | 2 | |
| Lesser Clarity Potion | 3 | |
| Orb of Lightning | 1 | |
| Staff of Teleportation | 1 | |
| Potion of Healing | 2 | |
| Potion of Mana | 2 | |
| Potion of Lesser Invulnerability | 5 | |
20 total
Gobiner (
red | 40 APM | 5461 actions | 138:06)
7 Archmage
3 Blizzard
3 Brilliance Aura
1 Mass Teleport
7 Blood Mage
3 Flame Strike
2 Siphon Mana
1 Summon Phoenix
1 Banish
» actions
| Assign group hotkey | 44 | |
| Basic commands | 96 | |
| Build / train | 126 | |
| ESC pressed | 4 | |
| Enter build submenu | 39 | |
| Enter hero's abilities submenu | 15 | |
| Give item / drop item | 10 | |
| Right click | 2072 | |
| Select / deselect | 851 | |
| Select group hotkey | 1607 | |
| Use ability | 597 | |
5461 total
» units
| Peasant | 15 | |
| Sorceress | 2 | |
| Priest | 3 | |
| Dragonhawk Rider | 8 | |
28 total
» upgrades
| Masonry | 3 | |
| Magic Sentry | 1 | |
| Sorceress Training | 2 | |
| Priest Training | 2 | |
| Backpack | 1 | |
| Cloud | 1 | |
| Armor | 3 | |
| Animal War Training | 1 | |
14 total
» buildings
| Altar of Kings | 1 | |
| Lumber Mill | 1 | |
| Farm | 9 | |
| Scout Tower | 41 | |
| Arcane Tower | 8 | |
| Guard Tower | 36 | |
| Keep | 4 | |
| Castle | 1 | |
| Arcane Sanctum | 1 | |
| Arcane Vault | 1 | |
| Blacksmith | 1 | |
| Barracks | 1 | |
| Gryphon Aviary | 1 | |
| Workshop | 1 | |
107 total
» build order
00:06 Altar of Kings
00:14 Lumber Mill
00:21 Farm
00:51 Scout Tower
00:57 Farm
01:15 Scout Tower
01:30 Arcane Tower
01:30 Arcane Tower
01:30 Arcane Tower
01:31 Arcane Tower
01:45 Scout Tower
01:57 Guard Tower
02:05 Scout Tower
02:13 Guard Tower
02:21 Scout Tower
02:48 Guard Tower
02:48 Guard Tower
02:48 Guard Tower
02:48 Guard Tower
03:08 Guard Tower
03:09 Scout Tower
03:25 Scout Tower
04:07 Guard Tower
04:10 Scout Tower
04:22 Keep
04:23 Keep
04:23 Keep
04:31 Farm
04:58 Scout Tower
04:58 Guard Tower
05:01 Scout Tower
05:25 Guard Tower
05:26 Scout Tower
05:28 Scout Tower
05:29 Scout Tower
05:43 Scout Tower
06:23 Guard Tower
06:25 Scout Tower
06:25 Scout Tower
06:30 Scout Tower
07:04 Guard Tower
07:04 Guard Tower
07:04 Guard Tower
07:04 Guard Tower
07:36 Guard Tower
08:03 Scout Tower
08:04 Castle
08:49 Scout Tower
08:50 Guard Tower
08:50 Guard Tower
08:51 Guard Tower
09:19 Guard Tower
09:21 Scout Tower
10:05 Guard Tower
10:07 Scout Tower
10:08 Scout Tower
10:34 Guard Tower
10:51 Arcane Sanctum
10:57 Farm
10:59 Farm
11:08 Guard Tower
11:09 Scout Tower
11:10 Scout Tower
11:11 Scout Tower
12:22 Guard Tower
12:28 Arcane Vault
12:30 Guard Tower
12:36 Scout Tower
12:37 Scout Tower
13:11 Guard Tower
13:13 Scout Tower
13:15 Scout Tower
14:12 Scout Tower
14:14 Scout Tower
14:16 Scout Tower
14:21 Scout Tower
14:23 Scout Tower
14:25 Scout Tower
14:27 Scout Tower
16:50 Guard Tower
16:54 Guard Tower
17:02 Guard Tower
17:04 Arcane Tower
17:53 Arcane Tower
19:03 Scout Tower
20:59 Scout Tower
21:00 Scout Tower
21:01 Scout Tower
21:04 Scout Tower
22:24 Guard Tower
22:30 Blacksmith
22:31 Barracks
22:34 Gryphon Aviary
24:14 Workshop
25:44 Farm
25:44 Farm
43:50 Farm
43:51 Farm
» items
| Staff of Teleportation | 2 | |
| Boots of Speed | 2 | |
| Healing Salve | 1 | |
| Staff of Sanctuary | 2 | |
| Orb of Lightning | 2 | |
| Mechanical Critter | 1 | |
10 total
westonb (
yellow | 36 APM | 5008 actions | 138:04)
7 Blademaster
3 Wind Walk
3 Critical Strike
1 Bladestorm
» actions
| Assign group hotkey | 16 | |
| Basic commands | 252 | |
| Build / train | 65 | |
| ESC pressed | 15 | |
| Enter build submenu | 28 | |
| Enter hero's abilities submenu | 8 | |
| Give item / drop item | 7 | |
| Right click | 3370 | |
| Select / deselect | 600 | |
| Select group hotkey | 308 | |
| Use ability | 339 | |
5008 total
» units
» upgrades
| Ranged Weapons | 3 | |
| Armor | 3 | |
| Liquid Fire | 1 | |
| Reinforced Defenses | 1 | |
8 total
» buildings
| Altar of Storms | 1 | |
| Orc Burrow | 4 | |
| War Mill | 2 | |
| Voodoo Lounge | 1 | |
| Watch Tower | 28 | |
| Stronghold | 1 | |
| Beastiary | 2 | |
| Fortress | 1 | |
40 total
» build order
00:03 Altar of Storms
00:06 Orc Burrow
00:28 War Mill
01:28 Voodoo Lounge
02:02 Watch Tower
02:35 Watch Tower
03:10 Watch Tower
03:41 Orc Burrow
03:57 Watch Tower
04:18 Watch Tower
04:49 Watch Tower
04:54 Watch Tower
05:29 Watch Tower
06:48 Watch Tower
06:49 Watch Tower
06:52 Watch Tower
06:54 Watch Tower
07:07 Stronghold
09:28 Watch Tower
09:29 Watch Tower
09:32 Watch Tower
09:34 Watch Tower
09:51 Beastiary
09:53 Beastiary
10:04 Orc Burrow
10:09 Orc Burrow
10:13 Fortress
11:39 Watch Tower
11:40 Watch Tower
11:43 Watch Tower
11:44 Watch Tower
11:45 Watch Tower
11:47 Watch Tower
11:48 Watch Tower
11:49 Watch Tower
16:54 Watch Tower
16:56 Watch Tower
16:58 Watch Tower
17:00 Watch Tower
30:57 War Mill
» items
| Healing Salve | 3 | |
| Lesser Clarity Potion | 4 | |
| Staff of Teleportation | 1 | |
| Boots of Speed | 1 | |
| Potion of Healing | 2 | |
| Orb of Lightning | 1 | |
| Potion of Lesser Invulnerability | 4 | |
16 total
Chat log
(00:03 / All) Blahsmack: HUNT
(00:05 / All) Blahsmack: GRUNT
(00:06 / All) Blahsmack: FIEND
(00:22 / Allies) westonb: closer?
(07:17 / Allies) westonb: i think it was the middle
(13:34 / Allies) westonb: =[
(13:48 / Allies) westonb: cloak?
(14:44 / Allies) westonb: we should try to take these soon
(19:47 / Allies) westonb: ward there
(19:53 / Allies) westonb: and there
(27:01 / Allies) westonb: ugh that was dumb
(27:02 / Allies) westonb: sorry
(30:46 / Allies) westonb: should we start hawking and batting mains?
(31:22 / Allies) westonb: towers spotted
(36:51 / Allies) westonb: should i or should i not get full building upgrades
(37:03 / Allies) westonb: and fort
(37:33 / Allies) westonb: lol
(38:03 / Allies) westonb: so still no interest in hawk and batting mains?
(38:16 / Allies) westonb: ok
(39:57 / Allies) westonb: well i run out of wood
(40:03 / Allies) westonb: throw the peons to the towers?
(48:40 / All) myzippo: ä¸è¡Œ
(48:43 / All) Gobiner: 2eznubs
(48:43 / All) Blahsmack: 2ez
(50:13 / All) westonb: 2ez
(50:25 / Allies) westonb: hawk and bat?
(54:05 / Allies) westonb: i would prefer the double front approach
(59:57 / Allies) westonb: ok, ill sell the ring
(60:04 / Allies) westonb: oh
(61:28 / Allies) westonb: imo
(61:44 / Allies) westonb: will the bats tp?
(61:50 / Allies) westonb: k
(62:05 / Allies) westonb: around there
(66:43 / Allies) westonb: they do have a lot of wards
(67:42 / Allies) westonb: did you get that critter over?
(67:49 / Allies) westonb: ah yes
(67:54 / Allies) westonb: but it's under the bat =[
(69:31 / Allies) westonb: maybe a waste of the invuln =\ oh well
(70:16 / Allies) westonb: too obvious dude
(71:30 / Allies) westonb: wards spotted me
(72:49 / Allies) westonb: how about we hawk and bat
(82:22 / Allies) westonb: jerk not sharing your aura
(82:30 / Allies) westonb: ty
(83:57 / Allies) westonb: oops on the double reveal
(84:28 / Allies) westonb: we need more blizzard and flamestriek bating
(84:30 / Allies) westonb: baiting*
(88:25 / All) Gobiner: hey you guys got any gold?
(88:29 / All) Gobiner: trade for lumber??
(88:40 / All) Gobiner: I got 18k lumber trade for 1.8k gold??
(88:47 / All) CIBC300: how many u want
(88:59 / All) CIBC300: i have lots
(89:17 / All) Blahsmack: how come u guys didnt just horde gold and each go to 100 food tier 3 units and kill us?
(89:19 / Allies) Blahsmack: too noob?
(89:23 / All) Blahsmack: too noob?
(89:27 / All) Blahsmack: yea
(89:31 / All) Blahsmack: i thought so too
(90:27 / All) Gobiner: can you suicide some more stuff?
(90:30 / All) Gobiner: my bm needs level 7
(90:34 / All) Gobiner: he not too far
(91:12 / All) Blahsmack: you guys can kill us now were out of gold!
(102:57 / Allies) westonb: ty
(104:09 / All) westonb: what'cha gonna do with all dem trees
(104:15 / All) westonb: all dem trees yo gonna eat
(109:07 / All) Blahsmack: you gusy r really nub
(109:18 / All) Blahsmack: this haz been reel ez
(109:30 / All) Gobiner: where did pink go
(109:33 / All) Gobiner: we miss pink
(109:36 / All) Gobiner: bring him back
(109:37 / All) Blahsmack: pink a noob
(109:42 / All) Blahsmack: noob needs to learn
(109:44 / All) Blahsmack: 2 play
(111:55 / All) CIBC300: r u guys hungry
(112:00 / All) Blahsmack: yes
(112:03 / All) Blahsmack: 4 battle
(113:23 / All) JBBC300: sb
(113:27 / All) Gobiner: hello pink
(113:29 / All) Gobiner: where did you go
(113:31 / All) Blahsmack: hi
(113:44 / All) Blahsmack: why u leave
(113:56 / All) Blahsmack: u dont rike tew pray?
(114:15 / All) Blahsmack: GG NO MANNER
(114:21 / All) Blahsmack: leave with out words
(114:24 / All) Blahsmack: to ponder
(114:54 / All) CIBC300: come attack me
(114:56 / All) CIBC300: plz
(114:58 / All) CIBC300: now
(115:10 / All) westonb: quit then?
(115:12 / All) Blahsmack: no way jose
(115:25 / All) CIBC300: wan hui
(115:36 / All) CIBC300: yellow,where u go
(115:38 / All) Blahsmack: Ni hao
(115:51 / All) JBBC300: hao ni ma ge b
(115:51 / All) CIBC300: i'm good
(116:17 / All) CIBC300: r u gonna attack?
(116:20 / All) Gobiner: nope
(116:30 / All) CIBC300: or let's play tomorrow
(116:34 / All) Gobiner: ya
(117:17 / All) westonb: i'm pretty sure you strung together jibberish
(117:21 / All) Blahsmack: follow the white man
(117:41 / All) westonb: are you me...
(117:59 / All) CIBC300: i'm gonna sleep
(118:03 / All) Gobiner: cool
(118:04 / All) Blahsmack: lies
(118:13 / All) Blahsmack: u afk at base wait 4 us
(118:16 / All) Blahsmack: 2 die
(118:22 / All) CIBC300: how about let's finish it at 9am tmr
(121:00 / All) CIBC300: i like the sunshine
(132:21 / All) Gobiner: y u pull plug ?